Map: Templo congelado

Players

Sombra - Winner!

  • Race: Zerg Zerg

botty

  • Race: Terran Terran

VOD

Have the link to the VOD?

Description

botty

Time

  • Played on: Oct. 9, 2016, 10:07 a.m.
  • Length: 17:10
Show
View Real Time Build Order
Export as new Build Order

Sombra Zerg - Winner!

Build Orders: Pool First 

Get SALT Encoding   

  12  0:03  Drone  
  13  0:18  Extractor  
  12  0:24  Overlord  
  12  0:26  Drone x2  
  14  0:43  Drone  
  14  0:47  Drone  
  16  1:04  Spawning Pool  
  16  1:09  Drone x2  
  17  1:37  Drone  
  18  1:40  Drone  
  18  1:45  Drone  
  20  1:52  Hatchery  
  20  1:53  Metabolic Boost  
  19  1:55  Extractor  
  19  1:58  Queen  
  20  2:04  Zergling x2  
  20  2:05  Zergling x2  
  22  2:14  Overlord  
  22  2:47  Drone x3  
  25  2:59  Drone  
  25  3:04  Queen  
  28  3:06  Queen  
  28  3:10  Zergling x4  
  28  3:11  Zergling x2  
  33  3:14  Overlord  
  32  3:42  Drone  
  33  4:02  Queen  
  35  4:16  Lair  
  35  4:20  Zergling x10  
  35  4:21  Zergling x2  
  41  4:59  Lair  
  30  5:17  Drone  
  31  5:45  Spire  
  30  6:05  Zergling x14  
  30  6:06  Zergling x14  
  30  6:10  Overlord x4  
  38  6:47  Drone  
  31  7:16  Hatchery  
  31  7:20  Mutalisk x4  
  31  7:21  Mutalisk  
  31  7:22  Zergling x6  
  43  7:23  Zergling x14  
  43  7:24  Zergling x6  
  53  7:45  Pneumatized Carapace  
  38  9:23  Zergling x10  
  38  9:24  Zergling x16  
  42  9:25  Zergling x14  
  42  9:26  Zergling x8  
  51  10:02  Queen  
  53  10:14  Infestation Pit  
  31  11:12  Hive  
  31  11:14  Drone  
  32  11:36  Mutalisk x7  
  32  11:37  Mutalisk x8  
  32  11:38  Mutalisk x3  
  66  12:41  Ultralisk Cavern  
  57  13:29  Extractor  
  56  13:41  Ultralisk  
  56  13:43  Zergling x12  
  56  13:44  Zergling x12  
  56  13:45  Zergling x14  
  56  13:46  Zergling x2  
  82  14:46  Chitinous Plating  
  30  15:42  Extractor  
  29  15:56  Ultralisk x2  
  41  15:58  Ultralisk  
  47  16:30  Zergling x6  
  47  16:31  Zergling x10  
Show
View Real Time Build Order
Export as new Build Order

botty Terran 

Build Orders: MMM Bio 

Get SALT Encoding   

  12  0:14  SCV  
  13  0:15  Supply Depot  
  13  0:26  SCV  
  14  0:40  Barracks  
  14  0:43  Supply Depot  
  14  0:50  Refinery  
  14  0:54  SCV  
  15  1:06  SCV  
  15  1:09  Supply Depot  
  16  1:21  SCV  
  17  1:29  Barracks Tech Lab  
  17  1:33  SCV  
  18  1:47  SCV  
  18  1:48  Refinery  
  18  1:49  Reaper  
  20  1:59  SCV  
  21  2:15  Supply Depot  
  21  2:22  Reaper  
  22  2:35  Factory  
  22  2:43  Barracks  
  22  2:44  Concussive Shells  
  22  2:53  Marine  
  23  3:09  Engineering Bay  
  23  3:11  Marine  
  24  3:29  Marine  
  24  3:41  Barracks Reactor  
  23  3:43  Combat Shields  
  23  3:46  Factory Tech Lab  
  23  3:47  Marine  
  23  4:06  Orbital Command  
  23  4:08  Command Center  
  23  4:20  Siege Tank  
  26  4:39  Marauder  
  28  4:54  Starport  
  28  5:00  Marauder  
  28  5:03  Stimpack  
  30  5:11  Engineering Bay  
  30  5:19  SCV  
  31  5:31  SCV  
  33  5:42  Reaper  
  33  5:43  SCV, Reaper  
  33  5:45  Marauder  
  37  5:52  Medivac  
  37  5:55  SCV  
  40  6:06  Marauder  
  40  6:08  SCV  
  43  6:15  Reaper x2  
  31  7:06  Planetary Fortress  
  31  7:13  Supply Depot  
  31  7:16  Marine x2  
  31  7:18  Starport Tech Lab  
  31  7:21  Siege Tank  
  36  7:33  Marine, Marauder  
  36  7:34  Marine  
  36  7:36  Terran Infantry Weapons Level 1  
  40  7:38  Supply Depot  
  40  7:53  Siege Tank  
  40  7:55  Marauder  
  45  8:05  Refinery  
  45  8:07  Engineering Bay, Refinery  
  36  8:50  Marine  
  36  8:51  Marine  
  38  8:57  Missile Turret  
  38  9:00  Missile Turret, Viking  
  37  9:08  Marine x2  
  36  9:11  Missile Turret  
  30  9:30  Viking  
  30  9:31  Missile Turret, Terran Infantry Armor Level 1  
  23  9:57  Missile Turret  
  23  10:00  SCV, Viking  
  23  10:01  Engineering Bay  
  26  10:09  Supply Depot  
  26  10:13  SCV  
  27  10:17  Siege Tank  
  27  10:18  Missile Turret  
  30  10:25  SCV  
  30  10:37  SCV  
  31  10:49  SCV  
  32  11:13  Engineering Bay  
  32  11:24  Missile Turret  
  32  11:25  Missile Turret  
  28  11:40  Supply Depot  
  28  11:47  SCV  
  29  11:55  Siege Tank  
  29  11:59  SCV  
  33  12:02  Supply Depot  
  33  12:11  SCV  
  33  12:12  Missile Turret  
  25  12:27  Siege Tank  
  28  12:31  Missile Turret  
  28  12:44  Missile Turret  
  25  12:56  Marine  
  25  12:57  Marine  
  24  13:08  Missile Turret  
  8  13:43  Viking  
  8  13:47  Widow Mine  
  12  13:54  Missile Turret  
  12  14:00  Barracks  
  12  14:01  Missile Turret  
  10  14:32  Hi-Sec Auto Tracking  
  10  14:37  Missile Turret  
  8  14:42  Missile Turret  
  8  14:49  Missile Turret  
  8  14:55  Barracks Reactor  
  8  14:58  Missile Turret  
  8  15:44  Marine x2  
  10  15:51  Missile Turret  
  10  16:01  Marine  
  10  16:02  Marine  
  12  16:19  Marine x2  
  13  16:37  Marine  
Tags
 
Composition
MMM Bio
Matchup
TvZ
Opening
Pool First
Add a new tag
Caveats
  • Supply blocks, unpowered buildings, or Contaminate may cause inaccurate times.
  • Supply counts are checked every 10 seconds.